 Dungeon Crawl Stone Soup version 0.23-a0-181-g24f899a (webtiles) character file.

7034 KristoblXynda the Cleaver (level 11, -6/88 HPs)
             Began as a Hill Orc Fighter on Sept 19, 2018.
             Was a Believer of Beogh.
             Mangled by an orc warrior
             ... wielding a +0 trident
              (19 damage)
             ... on level 9 of the Dungeon.
             The game lasted 00:19:34 (9454 turns).

KristoblXynda the Cleaver (Hill Orc Fighter)        Turns: 9454, Time: 00:19:35

Health: -6/88      AC: 13    Str: 20    XL:     11   Next: 8%
Magic:  14/14      EV:  7    Int: 11    God:    Beogh [**....]
Gold:   641        SH: 11    Dex: 10    Spells: 10/10 levels left

rFire    . . .     SeeInvis +   E - +2 morningstar (distort)
rCold    . . .     Gourm    .   c - +0 shield
rNeg     . . .     Faith    .   o - +0 chain mail
rPois    .         Spirit   .   (no helmet)
rElec    .         Reflect  .   (no cloak)
rCorr    .         Harm     .   (no gloves)
MR       .....                  k - +0 pair of boots
Stlth    ..........             (no amulet)
HPRegen  0.24/turn              v - ring of see invisible
MPRegen  0.14/turn              u - +2 ring of slaying

@: no status effects
A: no striking features
a: Smiting, Renounce Religion


You were on level 9 of the Dungeon.
You worshipped Beogh.
Beogh was pleased with you.
You were not hungry.

You visited 2 branches of the dungeon, and saw 9 of its levels.

You collected 641 gold pieces.

Inventory:

Hand Weapons
 D - a +1 war axe of freezing
 E - a +2 morningstar of distortion (weapon)
Missiles
 A - 3 throwing nets (quivered)
Armour
 c - a +0 shield (worn)
 k - a +0 pair of boots (worn)
 o - a +0 chain mail (worn)
Magical Staves
 x - an uncursed staff of air
Jewellery
 m - an uncursed ring of wizardry
 r - an uncursed ring of magical power
 u - a +2 ring of slaying (right hand)
 v - a ring of see invisible (left hand)
 z - an uncursed ring of flight
Wands
 y - a wand of paralysis (11)
 C - a wand of flame (12)
Scrolls
 a - a scroll of identify
 e - 5 scrolls of remove curse
 g - 4 scrolls of teleportation
 j - a scroll of magic mapping {unknown}
 n - 2 scrolls of blinking {unknown}
 s - 4 scrolls of fog
 t - 2 scrolls of fear {unknown}
 w - 2 scrolls of noise {unknown}
Potions
 b - 2 potions of mutation
 d - a potion of might
 h - a potion of agility
 i - 3 potions of ambrosia
 l - a potion of berserk rage
 p - 3 potions of lignification
 q - 3 potions of curing
 B - a potion of resistance
Miscellaneous
 F - a sack of spiders
Comestibles
 f - 14 rations


   Skills:
 - Level 5.5 Fighting
 - Level 10.2(10.6) Axes
 - Level 4.1(6.9) Maces & Flails
 + Level 10.1 Armour
 + Level 10.1 Shields
 - Level 5.3 Invocations
 + Level 4.6 Evocations


You had 10 spell levels left.
You didn't know any spells.
Your spell library contained the following spells:

 Spells                   Type           Power        Failure   Level  Hunger
 Gell's Gravitas          Tloc           #.........   100%        3    ####...
 Portal Projectile        Hex/Tloc       #.....       100%        3    ####...
 Force Lance              Conj/Tloc      #.......     100%        4    #####..
 Dispersal                Tloc           #.........   100%        6    #######
 Controlled Blink         Tloc           N/A          100%        8    #######
 Disjunction              Tloc           #.........   100%        8    #######


Dungeon Overview and Level Annotations

Branches:
Dungeon (9/15)             Temple (1/1) D:5            Lair (0/6) D:9
    Orc: D:9-12

Altars:
Ashenzari
Cheibriados
Dithmenos
Elyvilon
Fedhas
Gozag
Hepliaklqana
Kikubaaqudgha
Makhleb
Nemelex Xobeh
Okawaru
Qazlal
Uskayaw
Vehumet
Xom
Yredelemnul
The Shining One

Shops:
D:8 (

Annotations:
D:9 2 runed doors, wwer's ghost, novice DrFi


Message History

The orc warrior is heavily wounded.
You block the orc warrior's attack.
The helpless orc warrior fails to defend itself.
You hit the orc warrior.
Space warps horribly around the orc warrior!
You kill the orc warrior!
Beogh accepts your kill. You block the orc warrior's attack.
The orc warrior hits you with a trident.
Items here: $ )) [[ a glaive; a plate armour; a short sword; a chain mail; 11 gold pieces Your chain mail prevents you from hitting the orc warrior.
You block the orc warrior's attack.
You barely miss the orc warrior.
The orc warrior hits you with a trident!
* * * LOW HITPOINT WARNING * * *
You closely miss the orc warrior.
The orc warrior hits you with a trident!!
You die...
Beogh appreciates the orc warrior's killing of a heretic priest. #p# #..####.# #.... #.# #.....#......)# #.#.# #.# #...o.#######.# #...# #.# .ooo.# #.# #.# o.oo #.# #.# ooo

#.# ##[# #.#
######oo##################
......ooo@))..............
##########################


You could see an orc warrior and 4 orcs.

Vanquished Creatures
  Harold (D:7)
  Pikel (D:9)
  An ugly thing (D:8)
  Psyche (D:9)
  2 trolls
  4 yaks (D:9)
  Grum (D:8)
  A vampire mosquito (D:8)
  7 orc warriors
  3 slaves (D:9)
  A sky beast (D:7)
  2 phantoms
  An ice beast (D:9)
  2 wolves (D:8)
  An ogre (D:8)
  2 big kobolds
  3 bullfrogs
  A scorpion (D:9)
  A wyvern skeleton (D:9)
  A water moccasin skeleton (D:9)
  5 killer bees (D:9)
  4 wights (D:9)
  A bullfrog zombie (D:8)
  3 crimson imps (D:8)
  A quasit (D:8)
  5 hounds
  An orc priest (D:7)
  3 centaur skeletons
  8 orc wizards
  An iguana (D:8)
  3 worker ants
  4 gnolls (D:2)
  5 adders
  A shadow imp (D:5)
  2 oozes
  2 adder skeletons
  5 dart slugs
  4 leopard geckos
  27 orcs
  8 bats
  7 giant cockroaches
  7 goblins
  7 hobgoblins
  8 jackals
  4 quokkas
  7 frilled lizards
  A jackal skeleton (D:8)
  A jackal zombie (D:5)
  15 kobolds
  A quokka zombie (D:3)
  5 rats
193 creatures vanquished.

Vanquished Creatures (others)
  A two-headed ogre (D:9)
  A yak (D:9)
  A slave (D:9)
  A wolf (D:8)
  A bullfrog (D:8)
  2 iguanas (D:8)
  2 hound zombies
  An adder (D:8)
  2 orcs
  A plant (D:9)
13 creatures vanquished.

Grand Total: 206 creatures vanquished

Notes
Turn   | Place    | Note
-------+----------+-------------------------------------------
     0 | D:1      | KristoblXynda the Hill Orc Fighter began the quest for the
                  | Orb.
     0 | D:1      | Reached XP level 1. HP: 19/19 MP: 1/1
   327 | D:1      | Reached XP level 2. HP: 26/26 MP: 2/2
   670 | D:1      | Reached XP level 3. HP: 26/31 MP: 3/3
  1088 | D:2      | Reached XP level 4. HP: 37/39 MP: 4/4
  1769 | D:3      | Became a worshipper of Beogh the Brigand
  1773 | D:3      | Reached XP level 5. HP: 30/45 MP: 5/5
  2694 | D:4      | Found a stormy altar of Qazlal.
  2699 | D:4      | Found a radiant altar of Vehumet.
  2871 | D:4      | Reached * piety under Beogh
  2877 | D:4      | Reached skill level 5 in Axes
  2877 | D:4      | Reached XP level 6. HP: 36/51 MP: 6/6
  2979 | D:4      | Reached skill level 5 in Armour
  2979 | D:4      | Reached skill level 5 in Shields
  3034 | D:4      | Noticed a phantom
  3060 | D:4      | Killed a phantom
  3450 | D:5      | Entered Level 5 of the Dungeon
  3507 | D:5      | Reached XP level 7. HP: 53/57 MP: 7/7
  3597 | D:5      | Found a white marble altar of Elyvilon.
  4115 | D:5      | Found a sparkling altar of Nemelex Xobeh.
  4117 | D:5      | Found a shadowy altar of Dithmenos.
  4121 | D:5      | Found a hazy altar of Hepliaklqana.
  4124 | D:5      | Found a staircase to the Ecumenical Temple.
  4134 | Temple   | Entered the Ecumenical Temple
  4297 | D:5      | You fall through a shaft for 2 floors!
  4991 | D:7      | Noticed Harold
  5012 | D:7      | Killed Harold
  5012 | D:7      | Reached XP level 8. HP: 31/64 MP: 7/10
  5620 | D:8      | Found Perafeitz's Antique Weapon Shop.
  5772 | D:8      | Noticed a brown ugly thing
  5776 | D:8      | Noticed a troll
  5794 | D:8      | Killed a brown ugly thing
  5794 | D:8      | Reached skill level 5 in Invocations
  5794 | D:8      | Reached XP level 9. HP: 70/70 MP: 12/12
  5838 | D:8      | Reached ** piety under Beogh
  5871 | D:8      | Killed a troll
  5985 | D:8      | Noticed Grum
  5996 | D:8      | Reached skill level 5 in Fighting
  6007 | D:8      | Killed Grum
  6113 | D:8      | Reached XP level 10. HP: 44/81 MP: 13/13
  6319 | D:8      | Reached skill level 10 in Axes
  6357 | D:8      | Reached skill level 1 in Evocations
  7307 | D:9      | Found a large runed door.
  7308 | D:9      | Found a large runed door.
  7310 | D:9      | Noticed wwer's ghost (novice DrFi)
  7606 | D:9      | Reached skill level 1 in Maces & Flails
  8117 | D:9      | Noticed a two-headed ogre
  8124 | D:9      | Banished a two-headed ogre
  8688 | D:9      | Found a staircase to the Lair.
  8762 | D:9      | Found a shattered altar of Ashenzari.
  8772 | D:9      | Noticed Psyche
  8810 | D:9      | Killed Psyche
  9145 | D:9      | Noticed Pikel
  9186 | D:9      | Killed Pikel
  9186 | D:9      | Reached skill level 10 in Shields
  9186 | D:9      | Reached XP level 11. HP: 76/88 MP: 14/14
  9429 | D:9      | Reached skill level 10 in Armour
  9454 | D:9      | Mangled by an orc warrior

Vault maps used:
D:1:      dpeg_arrival_chase
D:2:      minmay_tetromino_t4
D:3:      first_ration
D:4:      minitemple
D:5:      grunt_temple_overflow_open, kennysheep_little_box,
          minmay_temple_entry_statues
D:7:      uniq_harold
D:8:      minmay_the_grid_square_5x5_3x3, serial_shops, shop,
          blue_anna_alchemist, uniq_grum
D:9:      overflow_temple_1_default, david_lair_shrubbed, special_room,
          ebering_ghost_disaster_area, uniq_pikel, uniq_psyche
Temple:   cyrus_temple_forest

Skill      XL: |  1  2  3  4  5  6  7  8  9 10 11 |
---------------+----------------------------------+-----
Axes           | 3 4 5 6 7 8 9 10 | 10.2
Armour         | 4 5 7 8 9 10 | 10.1
Shields        | 4 5 7 8 10 | 10.1
Invocations    | 3 5 |  5.3
Fighting       | 5 |  5.5
Evocations     | 4 |  4.6
Maces & Flails | 4 |  4.1

Action                   |  1- 3 |  4- 6 |  7- 9 | 10-12 || total
-------------------------+-------+-------+-------+-------++-------
Melee: War axe           |    89 |   167 |   154 |       ||   410
       Morningstar       |       |       |    33 |   232 ||   265
       Unarmed           |       |       |       |     3 ||     3
Invok: Convert to Beogh  |       |     1 |       |       ||     1
Evoke: Wand              |       |       |     3 |     3 ||     6
  Use: Scroll            |       |     4 |     5 |     5 ||    14
       Potion            |       |     1 |     2 |     1 ||     4
 Stab: Paralysed         |       |       |    11 |     2 ||    13
  Eat: Chunk             |     1 |     7 |     2 |     1 ||    11
       Ration            |       |       |     2 |     3 ||     5
Armor: Scale mail        |    37 |    36 |       |       ||    73
       Ring mail         |       |    53 |    24 |       ||    77
       Chain mail        |       |       |    70 |   121 ||   191
Dodge: Dodged            |    30 |    49 |    47 |    52 ||   178
Block: Shield            |    51 |    69 |    91 |   139 ||   350

Table legend:
 A = Non-vault XP
 B = Vault XP
 C = Vault XP percentage of total XP
 D = Non-vault monster count
 E = Vault monster count
 F = Vault count percentage of total count
                 A         B        C        D         E       F
            +---------+---------+-------+---------+---------+-------
      Total |    5453 |    4596 |  45.7 |     162 |      37 |  18.6
            +---------+---------+-------+---------+---------+-------
        D:1 |      43 |       0 |   0.0 |      21 |       0 |   0.0
        D:2 |     112 |       6 |   5.1 |      24 |       3 |  11.1
        D:3 |      43 |       0 |   0.0 |      25 |       0 |   0.0
        D:4 |     363 |       0 |   0.0 |      15 |       0 |   0.0
        D:5 |      98 |       0 |   0.0 |       7 |       0 |   0.0
        D:7 |     473 |     965 |  67.1 |      17 |       1 |   5.6
        D:8 |    1370 |    1982 |  59.1 |      26 |      19 |  42.2
        D:9 |    2951 |    1643 |  35.8 |      27 |      14 |  34.1
            +---------+---------+-------+---------+---------+-------
